 Dungeon Crawl Stone Soup version 0.13.0-26-gf7ffa3a (webtiles) character file.

295 M4edhros the Covert (level 5, -4/34 HPs)
             Began as an Octopode Artificer on Nov 2, 2013.
             Slain by a worker ant (5 damage)
             ... on Level 4 of the Dungeon.
             The game lasted 00:02:18 (1085 turns).

M4edhros the Covert (Octopode Artificer)            Turns: 1085, Time: 00:02:18

HP  -4/34        AC  3     Str  6 (10) XL: 5   Next: 85%
MP   7/7         EV 12     Int 15      God:
Gold 88          SH  0     Dex 13      Spells:  0 memorised,  4 levels left

Res.Fire  : . . .   See Invis. : .   m - +0 sabre
Res.Cold  : . . .   Warding    : .   (no shield)
Life Prot.: . . .   Conserve   : .   (helmet restricted)
Res.Poison: .       Res.Corr.  : .   (no amulet)
Res.Elec. : .       Clarity    : .   n - +2 ring of protection
Sust.Abil.: . .     Spirit.Shd : .   (no ring)
Res.Mut.  : .       Stasis     : .   (no ring)
Res.Rott. : .       Flight     : .   (no ring)
Saprovore : . . .                    (no ring)
                                     (no ring)
                                     (no ring)
                                     (no ring)

@: mildly poisoned, slightly resistant to hostile enchantments, extremely
stealthy
A: almost no armour, amphibious, 8 rings, constrict 8, spike 1, camouflage 1, AC
+1
a: no special abilities


You were on level 4 of the Dungeon.
You were not hungry.

You visited 1 branch of the dungeon, and saw 4 of its levels.

You collected 68 gold pieces.

Inventory:

Hand weapons
 a - a +0,+0 short sword
 m - a +0,+0 sabre (weapon)
Magical devices
 b - a wand of flame (15)
 c - a wand of enslavement (8)
 d - a wand of random effects (11)
Comestibles
 f - 2 bread rations
Scrolls
 e - 2 scrolls of fear {unknown}
 g - a scroll of magic mapping {unknown}
 h - a scroll of random uselessness {unknown}
 i - a scroll of enchant weapon I {unknown}
 j - a scroll of amnesia {unknown}
 l - 2 scrolls of identify {unknown}
Jewellery
 k - a +1 ring of intelligence {unknown}
 n - a +2 ring of protection (left tentacle)


   Skills:
 - Level 1.0 Fighting
 - Level 1.0 Short Blades
 - Level 2.0 Dodging
 + Level 8.0 Stealth
 - Level 3.2 Evocations


You had 4 spell levels left.
You didn't know any spells.

Dungeon Overview and Level Annotations

Branches:
Dungeon (4/27)
 Temple: D:4-7

Altars:

Annotations:
D:3 Sigmund


Innate Abilities, Weirdness & Mutations

You cannot wear most types of armour.
You are amphibious.
You can wear up to eight rings at the same time.
You can use your tentacles to constrict many enemies at once.
Your skin changes colour to match your surroundings (Stlth).
Your rubbery body absorbs attacks (AC +1).
One of your tentacles bears a spike.


Message History

Evoke which item? (* to show all) (? for menu, Esc to quit)
Zapping:
c - a wand of enslavement (11)
Press: ? - help, Shift-Dir - straight line, f - ogre
Aim: an ogre, wielding a giant club The ogre easily resists.
This wand has 10 charges left.
Evoke which item? (* to show all) (? for menu, Esc to quit)
Zapping:
c - a wand of enslavement (10)
Press: ? - help, Shift-Dir - straight line, f/p - ogre
Aim: an ogre, wielding a giant club The ogre is charmed.
This wand has 9 charges left.
The worker ant barely misses you. The worker ant bites you.
* * * LOW HITPOINT WARNING * * *
You are more poisoned.
The worker ant poisons you!
Evoke which item? (* to show all) (? for menu, Esc to quit)
Zapping:
c - a wand of enslavement (9)
Press: ? - help, Shift-Dir - straight line, f - worker ant, p - ogre
Aim: a worker ant The worker ant resists.
This wand has 8 charges left.
The worker ant bites you.
You die...

... .........
....%......
.............
...............
................
.................
...........O.......
..........a@........
.....................
.....................
.....................
#....................
#..$...............
##.................
##................
##................


You could see a worker ant and a friendly ogre.

Vanquished Creatures
  A worker ant (D:4)
  3 adders
  A worm (D:3)
  A giant gecko (D:2)
  6 bats
  2 giant cockroaches
  3 goblins
  6 hobgoblins
  6 jackals
  2 giant newts (D:1)
  4 kobolds
  4 rats
39 creatures vanquished.

Vanquished Creatures (collateral kills)
  Grinder (D:3)
  2 goblins (D:3)
  2 hobgoblins (D:3)
5 creatures vanquished.

Grand Total: 44 creatures vanquished

Notes
Turn   | Place    | Note
--------------------------------------------------------------
     0 | D:1      | M4edhros, the Octopode Artificer, began the quest for the Orb.
     0 | D:1      | Reached XP level 1. HP: 14/14 MP: 1/1
   210 | D:1      | Reached XP level 2. HP: 16/19 MP: 3/3
   546 | D:2      | Reached skill level 4 in Stealth
   546 | D:2      | Reached XP level 3. HP: 21/24 MP: 4/4
   717 | D:2      | Paralysed by a potion of paralysis for 4 turns
   721 | D:2      | Gained mutation: One of your tentacles bears a spike. [potion of beneficial mutation]
   872 | D:3      | Reached skill level 5 in Stealth
   944 | D:3      | Reached XP level 4. HP: 24/29 MP: 6/6
   963 | D:3      | Noticed Sigmund
   970 | D:3      | Noticed Sigmund
  1021 | D:3      | Noticed Grinder
  1043 | D:3      | Killed Grinder
  1043 | D:3      | Reached skill level 7 in Stealth
  1043 | D:3      | Reached XP level 5. HP: 29/34 MP: 7/7
  1067 | D:4      | Reached skill level 8 in Stealth
  1078 | D:4      | Noticed an ogre
  1084 | D:4      | HP: 1/34 [worker ant (5)]
  1085 | D:4      | Slain by a worker ant

Action                   |  1- 3 |  4- 6 || total
-------------------------+-------+-------++-------
Melee: Short sword       |    46 |       ||    46
       Sabre             |    19 |    14 ||    33
Evoke: Wand              |       |    11 ||    11
  Use: Potion            |     3 |     1 ||     4
 Stab: Sleeping          |     7 |       ||     7
